 Dungeon Crawl Stone Soup version 0.20.1-1-g8b1a95d (webtiles) character file.

1374 tidbits the Insei (level 8, -2/66 HPs)
             Began as a Demigod Transmuter on Aug 20, 2017.
             Slain by a wight
             ... wielding a cursed +5 trident
              (14 damage)
             ... on level 8 of the Dungeon.
             The game lasted 00:31:03 (3283 turns).

tidbits the Insei (Demigod Transmuter)              Turns: 3283, Time: 00:31:03

Health: -2/66      AC:  2    Str: 13    XL:     8   Next: 16%
Magic:  4/14       EV: 23    Int: 21    God:
Gold:   358        SH:  4    Dex: 21    Spells: 5/11 levels left

rFire    . . .     SeeInvis .     - Unarmed
rCold    . . .     Gourm    .   (shield currently unavailable)
rNeg     . . .     Faith    .   (armour currently unavailable)
rPois    .         Spirit   .   (helmet currently unavailable)
rElec    .         Reflect  +   (cloak currently unavailable)
rCorr    .         Harm     .   (gloves currently unavailable)
MR       .....                  (boots currently unavailable)
Stlth    ++........             y - +4 amulet of reflection
Regen    0.3/turn               V - +2 ring of evasion
MPRegen  0.2/turn               P - ring of poison resistance

@: spider-form (expiring), very slightly contaminated, drained
A: high mp 1
a: End Transformation


You were on level 8 of the Dungeon.
You were hungry.
You were a venomous arachnid creature.
You visited 1 branch of the dungeon, and saw 8 of its levels.
You also visited: Ossuary.

You collected 358 gold pieces.

Inventory:

Hand Weapons
 g - a +3 blowgun
 M - the +2 flail of Ezuigo {holy, MR+, unknown}
   (You found it on level 5 of the Dungeon)

   It has been blessed by the Shining One to cause great damage to the undead
   and demons.
   It affects your resistance to hostile enchantments.
Missiles
 a - 47 arrows
 x - 6 javelins (quivered)
Armour
 e - a cursed +0 leather armour
 B - a +1 robe of resistance (melded)
   (You took it off Dowan on level 4 of the Dungeon)
 C - the +8 chain mail "Mosim" {rElec Int-3 SInv, unknown}
   (You found it on level 5 of the Dungeon)

   It affects your intelligence (-3).
   It insulates you from electricity.
   It lets you see invisible.
 E - a +0 helmet (melded)
 F - a +0 pair of boots (melded)
 G - a +0 pair of gloves (melded)
 K - a cursed +0 ring mail
Jewellery
 f - an uncursed amulet of rage
   (You found it on level 1 of the Dungeon)
 k - an uncursed ring of teleportation
   (You found it on level 6 of the Dungeon)
 w - a cursed +3 amulet of reflection
   (You found it on level 3 of the Dungeon)
 y - a +4 amulet of reflection (around neck)
   (You found it on level 4 of the Dungeon)
 P - a ring of poison resistance (right front leg)
   (You found it on level 5 of the Dungeon)
 V - a +2 ring of evasion (left front leg)
   (You found it on level 4 of the Dungeon)
Wands
 d - a wand of digging (9/24)
 j - a wand of random effects (11/48)
 l - a wand of polymorph (7/24)
Scrolls
 b - a scroll of blinking {unknown}
 h - a scroll of teleportation
 i - a scroll of magic mapping {unknown}
 m - a scroll of immolation {unknown}
 r - 3 scrolls of remove curse
 s - a scroll of noise {unknown}
 v - 2 scrolls of amnesia {unknown}
 z - 2 scrolls of fear {unknown}
 J - a scroll of recharging {unknown}
 O - a scroll of random uselessness {unknown}
 Q - a scroll of enchant armour {unknown}
Potions
 n - a potion of invisibility
 o - a potion of berserk rage {unknown}
 p - a potion of flight {unknown}
 q - a potion of lignification {unknown}
 t - 2 potions of cancellation {unknown}
 u - 4 potions of curing
 A - 2 potions of haste {unknown}
 H - a potion of brilliance {unknown}
 N - a potion of agility {unknown}
Books
 c - a book of Changes

   Spells                             Type                      Level
   a - Beastly Appendage              Transmutation                1
   b - Sticks to Snakes               Transmutation                2
   c - Spider Form                    Transmutation/Poison         3
   d - Ice Form                       Ice/Transmutation            4
   e - Blade Hands                    Transmutation                5
Comestibles
 D - 7 chunks of flesh
 I - 5 bread rations
 L - a meat ration


   Skills:
 + Level 3.9(3.1) Fighting
 + Level 4.0(3.1) Dodging
 * Level 7.4(6.4) Unarmed Combat
 - Level 2.4(1.5) Spellcasting
 + Level 3.3(2.5) Transmutations


You had 5 spell levels left.
You knew the following spells:

 Your Spells              Type           Power        Failure   Level  Hunger
e - Beastly Appendage     Tmut           ##....       16%         1    #......
k - Sticks to Snakes      Tmut           ##......     22%         2    ###....
p - Spider Form           Tmut/Pois      #.........   50%         3    ###....


Dungeon Overview and Level Annotations

Branches:
Dungeon (8/15)             Temple (0/1) D:6
   Lair: D:8-11

Shops:
D:5 [

Annotations:
D:2 Sigmund


Innate Abilities, Weirdness & Mutations

You have an increased reservoir of magic. (+10% MP)


Message History

Your +0 pair of gloves unmelds from your body.
Your +0 pair of boots unmelds from your body.
Your +1 robe of resistance unmelds from your body.
You feel resistant to extremes of temperature.
Things that are here:
an enchanted spear; a robe
Casting: Spider Form
Confirm with . or Enter, or press ? or * to list all spells.
You turn into a venomous arachnid creature.
Your +0 helmet melds into your body.
Your +0 pair of gloves melds into your body.
Your +0 pair of boots melds into your body.
Your +1 robe of resistance melds into your body.
You feel hot and cold all over.
The wight hits your ball python with an enchanted short sword!
Your ball python dies!
The wight completely misses you.
You hit the wight but do no damage.
Your ball python bites the wight but does no damage.
Your ball python grabs the wight.
Your ball python constricts the wight.
Your ball python bites the wight but does no damage.
Your ball python constricts the wight.
The wight hits your ball python with an enchanted short sword.
You hit the wight.
The wight is lightly damaged.
You block the wight's attack.
Your ball python completely misses the wight.
Your ball python constricts the wight.
You bite the wight!
The wight is heavily damaged.
The wight hits your ball python with an enchanted short sword!
Your ball python dies!
You hit the wight.
The wight is severely damaged.
Things that are here:
an enchanted spear; a robe
Casting: Spider Form
Confirm with . or Enter, or press ? or * to list all spells.
You miscast Spider Form.
You are very lightly contaminated with residual magic.
Nothing appears to happen.
The wight barely misses you.
Casting: Spider Form
Confirm with . or Enter, or press ? or * to list all spells.
You create a snake!
You now have 47 arrows.
The wight completely misses you.
You completely miss the wight. The wight misses you.
You hit the wight but do no damage.
Your ball python bites the wight but does no damage.
Your ball python closely misses the wight.
The wight hits you with a dagger.
You feel drained. The wight closely misses you. x2
You hit the wight but do no damage.
Your ball python barely misses the wight. x2
The wight completely misses you.
You bite the wight!
The wight is severely damaged.
The wight hits you with an enchanted short sword!
The wight completely misses you.
Your ball python bites the wight but does no damage.
Your ball python grabs the wight.
Your ball python constricts the wight.
You bite the wight!
You destroy the wight!
Your base Dodging skill increases to level 4!
Your transformation is almost over.
The wight closely misses you.
The wight hits you from afar with an enchanted trident!
You feel drained.
You barely miss the wight.
The wight is severely damaged.
The wight hits you with an enchanted short sword.
You feel drained.
Your ball python barely misses the wight.
Your ball python grabs the wight.
Your ball python constricts the wight.
The wight hits you from afar with an enchanted trident!
* * * LOW HITPOINT WARNING * * *
You feel drained.
* * * LOW HITPOINT WARNING * * *
You hit the wight.
The wight is almost destroyed.
Your ball python bites the wight but does no damage.
Your ball python constricts the wight.
The wight barely misses your ball python.
You catch the helpless wight completely off-guard!
You hit the wight.
You destroy the wight!
The wight hits you from afar with an enchanted trident!
* * * LOW HITPOINT WARNING * * *
Your ball python barely misses the wight.
Your ball python misses the wight.
Your ball python misses the wight.
Your ball python closely misses the wight.
The wight hits you with an enchanted trident!
* * * LOW HITPOINT WARNING * * *
Things that are here:
an enchanted short sword; a robe You hit the wight.
The wight is moderately damaged.
Your ball python bites the wight but does no damage.
Your ball python grabs the wight.
Your ball python constricts the wight.
The wight hits you with an enchanted trident!
You die...

.. #### ##.####
#... ......
#...##...##
####...#.....##
#.............#
#.............#
#.............####.
#h##...#.zs........
.......##)S........
####... ##.########
#### #.########.#
#>a..<...).#
############


You could see a worker ant, a wight and a friendly ball python.

Vanquished Creatures
  Duvessa (D:4)
  A sky beast (D:5)
  A black bear (D:6)
  An ogre (D:6)
  A big kobold (D:6)
  2 bullfrogs (D:6)
  Dowan (D:4)
  4 wights (D:8)
  2 centaur zombies (Ossuary)
  A hound (D:5)
  A human zombie (Ossuary)
  A centaur skeleton (D:6)
  Terence (D:2)
  2 iguanas
  2 worker ants
  An orc wizard (D:4)
  2 mummies (Ossuary)
  Robin (D:2)
  4 gnolls (D:6)
  3 adders
  A shadow imp (D:5)
  An ooze (D:1)
  An adder zombie (Ossuary)
  5 worms
  3 dart slugs
  2 leopard geckos (D:5)
  3 orcs (D:6)
  6 giant cockroaches
  6 hobgoblins
  4 jackals
  14 kobolds
  3 quokkas
  10 bats
  2 frilled lizards
  17 goblins
  2 goblin zombies (Ossuary)
  7 hobgoblin zombies (Ossuary)
  11 kobold zombies (Ossuary)
  5 orc zombies (Ossuary)
  A quokka zombie (D:6)
  4 rats
  A rat zombie (Ossuary)
142 creatures vanquished.

Vanquished Creatures (collateral kills)
  A jelly (D:5)
  Jessica (D:3)
  Ijyb (D:3)
  A gnoll (D:6)
  An adder (D:2)
  2 goblins
  A hobgoblin (D:3)
  A frilled lizard (D:3)
  2 hobgoblin zombies (Ossuary)
  2 kobolds
  3 kobold zombies (Ossuary)
  2 orc zombies (Ossuary)
  2 rats
20 creatures vanquished.

Grand Total: 162 creatures vanquished

Notes
Turn   | Place    | Note
-------+----------+-------------------------------------------
     0 | D:1      | tidbits the Demigod Transmuter began the quest for the Orb.
     0 | D:1      | Reached XP level 1. HP: 15/15 MP: 5/5
    71 | D:1      | Reached skill level 3 in Unarmed Combat
   130 | D:1      | Reached XP level 2. HP: 16/22 MP: 5/7
   134 | D:1      | Learned a level 2 spell: Sticks to Snakes
   358 | D:3      | Noticed Jessica
   362 | D:3      | Killed Jessica
   362 | D:3      | Reached skill level 4 in Unarmed Combat
   362 | D:3      | Reached XP level 3. HP: 26/27 MP: 3/8
   461 | D:3      | Noticed Ijyb
   478 | D:3      | Killed Ijyb
   478 | D:3      | Reached skill level 2 in Spellcasting
   478 | D:3      | Reached XP level 4. HP: 34/34 MP: 2/10
   483 | D:3      | Learned a level 3 spell: Spider Form
   581 | D:2      | Noticed Terence
   590 | D:2      | Killed Terence
   590 | D:2      | Reached skill level 2 in Transmutations
   888 | D:2      | Noticed Sigmund
  1146 | D:2      | Noticed Robin
  1169 | D:2      | Killed Robin
  1169 | D:2      | Reached XP level 5. HP: 39/39 MP: 7/11
  1579 | D:3      | Found a radiant altar of Vehumet.
  1579 | D:3      | Found a snail-covered altar of Cheibriados.
  1817 | D:4      | Found a hide-covered altar of Uskayaw.
  1817 | D:4      | Found a sparkling altar of Nemelex Xobeh.
  1827 | D:5      | Entered Level 5 of the Dungeon
  1831 | D:5      | Found a sand-covered staircase.
  1842 | D:5      | Reached skill level 5 in Unarmed Combat
  1842 | D:5      | Reached skill level 3 in Transmutations
  1844 | Ossuary  | Entered an ossuary
  1859 | Ossuary  | Reached skill level 1 in Fighting
  2020 | Ossuary  | Reached skill level 2 in Dodging
  2041 | Ossuary  | Reached XP level 6. HP: 33/47 MP: 1/12
  2237 | D:5      | Got a translucent chain mail
  2395 | D:4      | Noticed Dowan
  2406 | D:4      | Noticed Duvessa
  2413 | D:4      | Killed Duvessa
  2413 | D:4      | Reached skill level 2 in Fighting
  2421 | D:4      | Killed Dowan
  2500 | D:4      | Reached skill level 6 in Unarmed Combat
  2571 | D:6      | Reached skill level 3 in Dodging
  2571 | D:6      | Reached XP level 7. HP: 37/56 MP: 10/13
  2573 | D:6      | Found a staircase to the Ecumenical Temple.
  2649 | D:6      | Reached skill level 3 in Fighting
  2668 | D:5      | Got a scorched flail
  2786 | D:5      | Found Kimapalo's Armour Shop.
  2891 | D:6      | Reached skill level 7 in Unarmed Combat
  3139 | D:7      | Reached XP level 8. HP: 62/64 MP: 10/14
  3278 | D:8      | Reached skill level 4 in Dodging
  3283 | D:8      | Slain by a wight

Skill      XL: |  1  2  3  4  5  6  7  8 |
---------------+-------------------------+-----
Unarmed Combat | 3 4 5 6 7 |  7.4
Spellcasting   | 2 |  2.4
Transmutations | 2 3 |  3.3
Fighting       | 1 2 3 |  3.9
Dodging        | 2 3 4 |  4.0

Action                   |  1- 3 |  4- 6 |  7- 9 || total
-------------------------+-------+-------+-------++-------
Melee: Unarmed           |    77 |   258 |    89 ||   424
       Kick              |    12 |     1 |       ||    13
       Headbutt          |     8 |       |       ||     8
       Punch             |     6 |       |       ||     6
 Cast: Beastly Appendage |    14 |     2 |       ||    16
       Sticks to Snakes  |     7 |    12 |    10 ||    29
       Spider Form       |       |    36 |    15 ||    51
 Abil: Evoke Berserk Rag |       |     1 |       ||     1
Evoke: Wand              |       |     7 |     3 ||    10
  Use: Scroll            |     2 |     4 |     4 ||    10
       Potion            |       |       |     1 ||     1
 Stab: Sleeping          |     1 |     2 |       ||     3
       Distracted        |     2 |     2 |     1 ||     5
  Eat: Chunk             |       |     8 |     3 ||    11
       Royal jelly       |       |     1 |       ||     1
       Bread ration      |       |     1 |       ||     1
Armor: Robe              |    11 |    10 |       ||    21
       Skin              |       |     9 |     4 ||    13
Dodge: Dodged            |    39 |   165 |    80 ||   284
Block: Other             |       |     3 |    19 ||    22

Table legend:
 A = Turns spent in this place as a percentage of turns spent in the entire game.
 B = Non-inter-level travel turns spent in this place as a percentage of non-inter-level travel turns spent in the entire game.
 C = Inter-level travel turns spent in this place as a percentage of turns spent in this place.
 D = Turns resting spent in this place as a percentage of non-inter-level travel turns spent in this place.
 E = Turns spent auto-exploring this place as a percentage of non-inter-level travel turns spent in this place.
 F = Non-inter-level travel turns spent in this place divided by the number of levels of this place that you've seen.
                   A       B       C       D       E      F
               +-------+-------+-------+-------+-------+----------------------
         Total | 100.0 | 100.0 |   0.1 |   0.0 |   0.0 | 348.0
       Dungeon |  88.6 |  88.6 |   0.1 |   0.0 |   0.0 | 346.9
       Ossuary |  11.4 |  11.4 |   0.0 |   0.0 |   0.0 | 357.0
               +-------+-------+-------+-------+-------+----------------------

Table legend:
 A = Kills in this place as a percentage of kills in entire the game.
 B = Kills by you in this place as a percentage of kills by you in the entire game.
 C = Kills by friends in this place as a percentage of kills by friends in the entire game.
 D = Other kills in this place as a percentage of other kills in the entire game.
 E = Experience gained in this place as a percentage of experience gained in the entire game.
 F = Experience gained in this place divided by the number of levels of this place that you have seen.
                   A       B       C       D       E      F
               +-------+-------+-------+-------+-------+----------------------
         Total | 100.0 | 100.0 | 100.0 |  -nan | 100.0 | 218.2
       Dungeon |  75.9 |  77.5 |  65.0 |  -nan |  90.1 | 221.2
       Ossuary |  24.1 |  22.5 |  35.0 |  -nan |   9.9 | 194.0
               +-------+-------+-------+-------+-------+----------------------

Vault maps used:
D:1:      scummos_arrival_hexagon
D:2:      first_bread, minmay_misc_feat_cross, uniq_robin, uniq_sigmund,
          uniq_terence
D:3:      nicolae_overflow_hidden_temple, uniq_ijyb, uniq_jessica
D:4:      gammafunk_temple_overflow_statue, uniq_crazy_yiuf_cottage,
          uniq_duvessa
D:5:      nicolae_ossuary_entry_monument, serial_shops, kennysheep_mini_moat,
          serial_bayou_pond_a, dk_noncrumbling_2
D:6:      minmay_temple_entry_large_hall, serial_bayou_lake_a
D:8:      hangedman_cross_veins, hangedman_ranch,
          nicolae_dithmenos_through_a_glass_darkly, uniq_psyche, uniq_gastronok,
          uniq_prince_ribbit1, uniq_pikel
Ossuary:  ossuary_tomb_1
